 Dungeon Crawl Stone Soup version 0.21.0 (webtiles) character file.

966 Esekla the Cutter (level 7, -2/33 HPs)
             Began as a Spriggan Warper on Jan 7, 2018.
             Was a Follower of Ashenzari.
             Slain by a killer bee (7 damage)
             ... on level 8 of the Dungeon.
             The game lasted 01:11:48 (5797 turns).

Esekla the Cutter (Spriggan Warper)                 Turns: 5797, Time: 01:11:49

Health: -2/33      AC:  4    Str:  7    XL:     7   Next: 93%
Magic:  13/13      EV: 21    Int: 15    God:    Ashenzari [*.....]
Gold:   289        SH:  0    Dex: 17    Spells: 8/12 levels left

rFire    . . .     SeeInvis +   a - +0 short sword
rCold    . . .     Gourm    .   (shield restricted)
rNeg     . . .     Faith    +   b - +0 robe
rPois    .         Spirit   .   (helmet restricted)
rElec    .         Reflect  .   r - +1 cloak
rCorr    .         Harm     .   (gloves unavailable)
MR       +....                  (boots unavailable)
Stlth    +++++.....             y - amulet of faith
HPRegen  0.11/turn              p - ring of stealth
MPRegen  0.13/turn              (no ring)

@: very quick
A: very small, unfitting armour, see invisible, herbivore, speed 3, slow
metabolism 2
a: Curse Item, Scrying, Renounce Religion


You were on level 8 of the Dungeon.
You worshipped Ashenzari.
Ashenzari was aware of your devotion.
You were not hungry.

You visited 2 branches of the dungeon, and saw 11 of its levels.

You collected 289 gold pieces.

Inventory:

Hand Weapons
 a - a +0 short sword (weapon)
 w - a +4 hunting sling
Missiles
 e - 5 tomahawks of dispersal
 g - 95 stones (quivered)
Armour
 b - a +0 robe (worn)
 r - a +1 cloak (worn)
Jewellery
 p - a ring of stealth (left hand)
 y - an amulet of faith (around neck)
Scrolls
 d - 3 scrolls of blinking
 h - 3 scrolls of remove curse
 k - a scroll of magic mapping
 o - a scroll of identify
 t - a scroll of noise {unknown}
 v - 2 scrolls of enchant weapon {unknown}
Potions
 i - a potion of ambrosia {unknown}
 j - 4 potions of flight
 l - 2 potions of might
 n - a potion of haste {unknown}
 q - 2 potions of heal wounds
 s - a potion of lignification {unknown}
 u - 2 potions of invisibility {unknown}
 x - a potion of cancellation
 z - a potion of curing {unknown}
Books
 c - a book of Spatial Translocations

   Spells                             Type                      Level
   a - Blink                          Translocation                2
   b - Shroud of Golubria             Charms/Translocation         2
   c - Lesser Beckoning               Translocation                3
   d - Gell's Gravitas                Translocation                3
   e - Teleport Other                 Translocation                3
   f - Passage of Golubria            Translocation                4
Comestibles
 f - 10 rations


   Skills:
 - Level 1.6 Fighting
 * Level 7.3 Short Blades
 - Level 1.0 Throwing
 + Level 6.1 Dodging
 + Level 6.8 Stealth
 + Level 3.3 Spellcasting
 + Level 2.5 Charms
 + Level 4.7 Translocations


You had 8 spell levels left.
You knew the following spells:

 Your Spells              Type           Power        Failure   Level  Hunger
a - Shroud of Golubria    Chrm/Tloc      ##........   6%          2    ##.....
b - Blink                 Tloc           N/A          4%          2    ##.....


Dungeon Overview and Level Annotations

Branches:
Dungeon (10/15)            Temple (1/1) D:4
   Lair: D:8-11         Orc: D:9-12

Altars:
Ashenzari
Cheibriados
Gozag
Qazlal
Ru
Sif Muna
Xom

Annotations:
D:3 Grinder
D:4 Dowan; Duvessa; Pikel; Sigmund
D:5 2 transporters, endorz's ghost, novice DrFE


Innate Abilities, Weirdness & Mutations

You are very small and have problems with some larger weapons.
You are too small for most types of armour.
You have supernaturally acute eyesight. (SInv)
You are a herbivore.
You cover ground extremely quickly.
You need consume almost no food.


Message History

Your Dodging skill increases to level 6!
The centaur warrior skeleton hits you but does no damage.
An orc warrior comes into view. It is wielding a hand axe.
A killer bee comes into view.
A quokka and an ogre come into view.
Found 13 gold pieces.
An adder, a quokka, a black bear, a gnoll sergeant and a phantom come into view.
The orc warrior shouts!
The killer bee buzzes angrily.
The ogre shouts!
The gnoll sergeant shouts!
The gnoll sergeant moves out of view.
Found a shimmering altar of Xom.
A bullfrog comes into view.
The orc warrior hits you with a hand axe!
You see here a scroll of blinking.
d - 3 scrolls of blinking (gained 1)
The orc warrior hits you with a hand axe!
* * * LOW HITPOINT WARNING * * *
A crimson imp comes into view.
The quokka closely misses you. The killer bee stings you!
You die...

#<...#####.#####.#
#.#..(.....# #.#
###.#...†....+ #.#
#...###......#######J#
##.....+......#........
#.....$#......#.#####†#
#......#......# #.#
#....r.###.Z### # #.#
###.....@# #..###.# #.#
...F....y# #.....(# #.#
......o.Z#####Z#### #.#
5.....r......#.# #.#
#......W###.Z..## ##.#
####OS#.# ##....#
###... ...g... ##.##.##
#..... #.......
#......# #.....
##.h...# #...##.#
#.....


You could see a phantom, an orc warrior, an ogre, a gnoll sergeant, a bullfrog,
a killer bee, an adder, 2 quokkas and a centaur warrior skeleton.

Vanquished Creatures
  A water moccasin (D:8)
  An orc warrior (D:8)
  3 centaurs
  2 bullfrogs
  A scorpion (D:8)
  2 orc priests (D:8)
  Crazy Yiuf (D:3)
  Jessica (D:3)
  An iguana (D:5)
  2 worker ants
  A gnoll (D:5)
  7 adders
  An ooze (D:1)
  An adder skeleton (D:5)
  2 worms
  A dart slug (D:2)
  3 leopard geckos
  4 orcs
  2 ball pythons
  3 giant cockroaches
  8 goblins
  10 hobgoblins
  6 jackals
  5 quokkas
  A ball python skeleton (D:5)
  8 bats
  4 frilled lizards
  A giant cockroach zombie (D:5)
  7 kobolds
  A leopard gecko skeleton (D:4)
  A rat (D:1)
92 creatures vanquished.

Notes
Turn   | Place    | Note
-------+----------+-------------------------------------------
     0 | D:1      | Esekla the Spriggan Warper began the quest for the Orb.
     0 | D:1      | Reached XP level 1. HP: 10/10 MP: 5/5
   295 | D:1      | Reached XP level 2. HP: 14/14 MP: 6/6
   299 | D:1      | Learned a level 2 spell: Shroud of Golubria
   302 | D:1      | Learned a level 2 spell: Blink
   451 | D:1      | Reached skill level 1 in Stealth
   534 | D:1      | Reached skill level 3 in Short Blades
   649 | D:2      | Reached skill level 1 in Charms
   649 | D:2      | Reached XP level 3. HP: 4/18 MP: 8/8
   865 | D:2      | Found a shimmering altar of Xom.
   986 | D:2      | Reached XP level 4. HP: 11/22 MP: 9/9
  1609 | D:3      | Noticed Jessica
  1612 | D:3      | Killed Jessica
  1612 | D:3      | Reached skill level 4 in Short Blades
  1655 | D:3      | Found a sacrificial altar of Ru.
  1657 | D:3      | Noticed Grinder
  1665 | D:3      | Paralysed by Grinder for 4 turns
  1806 | D:2      | Found a snail-covered altar of Cheibriados.
  2142 | D:3      | Found an opulent altar of Gozag.
  2400 | D:4      | Noticed a slave
  2401 | D:4      | Noticed a slave
  2401 | D:4      | Noticed an ogre
  2402 | D:4      | Noticed a slave
  2404 | D:4      | Noticed Pikel
  2404 | D:4      | Noticed a slave
  2482 | D:3      | Reached XP level 5. HP: 22/25 MP: 7/10
  2610 | D:3      | Found a runed door.
  2635 | D:3      | Noticed Crazy Yiuf
  2640 | D:3      | Killed Crazy Yiuf
  3255 | D:4      | Noticed Duvessa
  3256 | D:4      | Noticed Dowan
  3257 | D:4      | Noticed Sigmund
  3258 | D:4      | Got a polished hand axe
  3332 | D:3      | Reached skill level 5 in Short Blades
  3599 | D:4      | Found a staircase to the Ecumenical Temple.
  3606 | Temple   | Entered the Ecumenical Temple
  3627 | Temple   | Became a worshipper of Ashenzari the Shackled
  3665 | D:5      | Entered Level 5 of the Dungeon
  3844 | D:5      | Reached XP level 6. HP: 30/30 MP: 11/11
  3885 | D:5      | Found a transporter.
  3889 | D:5      | Noticed an ice beast
  3889 | D:5      | Noticed an ice beast
  3892 | D:5      | Noticed an ice beast
  3922 | D:5      | Noticed endorz's ghost (novice DrFE)
  4251 | D:5      | Found a transporter.
  4314 | D:5      | Found a stormy altar of Qazlal.
  4555 | D:5      | Learned a level 2 spell: Blink
  4779 | D:7      | Noticed a spriggan baker
  4801 | D:8      | Reached skill level 5 in Dodging
  4950 | D:8      | Reached skill level 6 in Short Blades
  4971 | D:8      | Noticed a water moccasin
  5014 | D:8      | Reached skill level 5 in Stealth
  5014 | D:8      | Reached XP level 7. HP: 20/33 MP: 12/12
  5377 | D:10     | Entered Level 10 of the Dungeon
  5638 | D:8      | Reached skill level 7 in Short Blades
  5650 | D:8      | Noticed a hippogriff
  5741 | D:8      | Reached * piety under Ashenzari
  5794 | D:8      | Found a shimmering altar of Xom.
  5797 | D:8      | Slain by a killer bee

Skill      XL: |  1  2  3  4  5  6  7 |
---------------+----------------------+-----
Stealth        | 1 2 3 5 6 |  6.8
Dodging        | 4 5 6 |  6.1
Short Blades   | 3 4 5 6 7 |  7.3
Charms         | 1 2 |  2.5
Spellcasting   | 3 |  3.3
Fighting       | |  1.6
Throwing       | |  1.0
Translocations | |  4.7

Action                   |  1- 3 |  4- 6 |  7- 9 || total
-------------------------+-------+-------+-------++-------
Melee: Short sword       |   150 |   288 |    36 ||   474
Throw: Stone             |    20 |    33 |     2 ||    55
 Cast: Shroud of Golubri |     2 |     8 |     2 ||    12
  Use: Scroll            |     1 |     3 |     4 ||     8
       Potion            |     1 |       |       ||     1
 Stab: Sleeping          |     5 |    17 |     9 ||    31
       Paralysed         |       |     1 |       ||     1
  Eat: Ration            |       |     1 |     1 ||     2
Armor: Robe              |    11 |    29 |     1 ||    41
Dodge: Dodged            |   157 |   240 |    29 ||   426
